 Dungeon Crawl Stone Soup version 0.24.0-125-gc4c63601f3 (webtiles) character file.

Game seed: 5977893303772274100, levelgen mode: deterministic

225 BigBi the Skirmisher (level 6, 0/53 HPs)
             Began as a Hill Orc Fighter on Mar 11, 2020.
             Slain by Crazy Yiuf
             ... wielding a +2 quarterstaff of chaos
              (6 damage)
             ... on level 2 of the Dungeon.
             The game lasted 00:37:21 (2811 turns).

BigBi the Skirmisher (Hill Orc Fighter)             Turns: 2811, Time: 00:37:22

Health: 0/53       AC:  8    Str: 20      XL:     6   Next: 1%
Magic:  6/6        EV:  8    Int:  6 (8)  God:
Gold:   127        SH:  9    Dex: 11      Spells: 5/5 levels left

rFire    . . .     SeeInvis .   a - +0 long sword
rCold    . . .     Gourm    .   c - +0 shield
rNeg     . . .     Faith    .   m - +0 scale mail
rPois    .         Spirit   .   (no helmet)
rElec    .         Reflect  .   (no cloak)
rCorr    .         Harm     .   (no gloves)
MR       .....                  k - +0 pair of boots
Stlth    ..........             q - amulet of magic regeneration
HPRegen  0.17/turn              (no ring)
MPRegen  0.35/turn              (no ring)

@: lethally poisoned (0 -> -6), very slightly contaminated, invisible
A: no striking features
a: no special abilities


You were on level 2 of the Dungeon.
You were not hungry.

You visited 1 branch of the dungeon, and saw 3 of its levels.

You collected 127 gold pieces.

Inventory:

Hand Weapons
 a - a +0 long sword (weapon)
 l - a -3 hunting sling
 n - a +2 dagger of venom
Missiles
 e - 14 stones (quivered)
Armour
 c - a +0 shield (worn)
 k - a +0 pair of boots (worn)
 m - a +0 scale mail (worn)
Jewellery
 q - an amulet of magic regeneration (around neck)
Scrolls
 b - a scroll of enchant armour {unknown}
 g - a scroll of teleportation
 i - a scroll of amnesia {unknown}
 j - a scroll of identify
 o - a scroll of remove curse
 p - a scroll of noise {unknown}
 r - 3 scrolls of enchant weapon {unknown}
Potions
 d - a potion of might
Comestibles
 f - 3 rations
 h - 7 chunks of flesh


   Skills:
 + Level 4.6 Fighting
 + Level 4.0 Long Blades
 + Level 0.1 Throwing
 + Level 4.3 Armour
 + Level 1.2 Dodging
 + Level 4.2 Shields


You had 5 spell levels left.
You didn't know any spells.
Your spell library was empty.

Dungeon Overview and Level Annotations

Branches:
Dungeon (3/15)

Altars:
Cheibriados
Kikubaaqudgha
Wu Jian

Annotations:
D:2 Crazy Yiuf


Message History

You feel sick.
You see here a ball python skeleton.
You hit Crazy Yiuf.
Crazy Yiuf is heavily wounded.
You feel sick. Crazy Yiuf hits you but does no damage.
You fade further into invisibility.
You closely miss Crazy Yiuf.
Crazy Yiuf is heavily wounded.
You feel sick. You block Crazy Yiuf's attack.
You hit Crazy Yiuf.
Crazy Yiuf is severely wounded.
You feel sick.
Crazy Yiuf hits you with a +2 quarterstaff of chaos.
* * * LOW HITPOINT WARNING * * *
Your shield prevents you from hitting Crazy Yiuf.
Crazy Yiuf is severely wounded.
* * * LOW HITPOINT WARNING * * *
You feel sick.
Crazy Yiuf hits you with a +2 quarterstaff of chaos.
You die...

###♣♣♣♣♣
##....♣.♣♣♣#####
##..)...♣.g♣#...#
#......♣♣♣♣.'...#
#....♣♣♣ ♣♣#..)#
#.###♣ ##### #g#
#@# #.### #######
#...# #.# #.##.#.
###.# #.# #.##.#.
#.# #.# #.##.#.
#.# #.# #.##.##
#.# #.# #.##...
#.# #.# #.##.##
#.# #.###.##...


You could see Crazy Yiuf.

Vanquished Creatures
  A sky beast (D:3)
  A worker ant (D:3)
  4 oozes
  2 dart slugs
  6 leopard geckos
  An orc (D:3)
  4 bats
  3 giant cockroaches
  4 goblins
  12 hobgoblins
  13 jackals
  A ball python (D:2)
  6 frilled lizards
  10 kobolds
  12 rats
80 creatures vanquished.

Notes
Turn   | Place    | Note
-------+----------+-------------------------------------------
     0 | D:1      | BigBi the Hill Orc Fighter began the quest for the Orb.
     0 | D:1      | Reached XP level 1. HP: 19/19 MP: 1/1
   259 | D:1      | Reached XP level 2. HP: 22/27 MP: 2/2
   553 | D:1      | Reached XP level 3. HP: 31/33 MP: 3/3
  1243 | D:2      | Found an ornate altar of the Wu Jian Council.
  1262 | D:2      | Found a snail-covered altar of Cheibriados.
  1340 | D:2      | Reached XP level 4. HP: 40/41 MP: 4/4
  1589 | D:2      | Found an ancient bone altar of Kikubaaqudgha.
  1903 | D:3      | Reached XP level 5. HP: 22/47 MP: 5/5
  2107 | D:3      | Noticed a sky beast
  2129 | D:3      | Killed a sky beast
  2129 | D:3      | Reached skill level 1 in Dodging
  2708 | D:2      | Reached XP level 6. HP: 52/53 MP: 6/6
  2762 | D:2      | Found a runed translucent door.
  2763 | D:2      | Noticed Crazy Yiuf
  2811 | D:2      | Slain by Crazy Yiuf

Levels and vault maps discovered:
D:1:      minmay_arrival_glassed_features, layout_basic
D:2:      layout_loops_ring, kennysheep_slug_shrine, minitemple,
          overflow_temple_1_default, first_ration, uniq_crazy_yiuf_cottage
D:3:      layout_rooms

Skill      XL: |  1  2  3  4  5 |
---------------+----------------+-----
Fighting       | 4 |  4.6
Long Blades    | 3 4 |  4.0
Armour         | 4 |  4.3
Dodging        | 1 |  1.2
Shields        | 4 |  4.2
Throwing       | |  0.1

Action                   |  1- 3 |  4- 6 || total
-------------------------+-------+-------++-------
Melee: Long sword        |   153 |   191 ||   344
 Fire: Hunting sling     |     6 |       ||     6
Throw: Stone             |     1 |     8 ||     9
  Use: Scroll            |     4 |     2 ||     6
       Potion            |       |     2 ||     2
  Eat: Chunk             |     1 |     1 ||     2
       Ration            |       |     2 ||     2
Armor: Scale mail        |    91 |   110 ||   201
Dodge: Dodged            |    44 |    78 ||   122
Block: Shield            |    83 |   151 ||   234
       Rpst.: Long sword |    10 |    29 ||    39
